[Event "Krakow Championship-A 2022"]
[Site "Krakow"]
[Date "2022.06.25"]
[Round "1.10"]
[White "Shehzad, Shazil"]
[Black "Romanishin, Oleg M"]
[Result "1/2-1/2"]
[ECO "C87"]
[WhiteElo "2237"]
[BlackElo "2400"]
[Annotator "TA"]
[PlyCount "141"]
[EventDate "2022.06.25"]
[EventType "swiss"]
[EventCountry "POL"]
[SourceTitle "playchess.com"]
[Source "ChessBase"]
[SourceQuality "1"]
[TimeControl "40/5400+30:1800+30"]

1. e4 e5 2. Nf3 Nc6 3. Bb5 a6 4. Ba4 Nf6 5. O-O Be7 6. Re1 d6 7. c3 Bg4 8. h3 Bh5 9. d3 O-O 10. Nbd2 Nd7 {[%emt 0:00:27] is now debated instead of 10...b5.} 11. Nf1 {[%emt 0:01:54] C87: Closed Ruy Lopez: Steinitz-type lines after 6 Re1 d6.} Nc5 12. Bc2 Ne6 13. Ng3 {[%emt 0:07:54] White is slightly better.} Bg6 14. Bb3 {[%emt 0:24:03] [#]} Ng5 $146 ({Predecessor:} 14... Na5 15. Bd5 c5 16. a3 Nc7 17. b4 cxb4 18. axb4 Nc6 19. Ba2 d5 20. Bd2 d4 21. cxd4 exd4 {0-1 (47) Hovhannisyan,R (2607)-Eljanov,P (2702) Legnica 2013}) 15. Nxg5 Bxg5 16. Qg4 Bf6 17. Be3 Na5 18. Bc2 c5 19. a3 Rc8 20. Rad1 b5 21. Rd2 b4 (21... Be7 $11) 22. axb4 cxb4 23. c4 Nb7 24. b3 a5 25. d4 exd4 (25... a4 $5) 26. Bxd4 Bxd4 27. Rxd4 a4 28. h4 (28. bxa4 $14 Nc5 29. Qd1) 28... axb3 29. Bxb3 Na5 30. Ba2 (30. Re3 $142 Nc6 31. Rd5) 30... b3 $11 31. Bb1 Nc6 (31... Rxc4 32. Rxc4 Nxc4 33. Qe2 $14) (31... Nxc4 32. h5 $14) (31... h5 $5 32. Qd1 Qb6 $17) 32. Rd5 {[%emt 0:01:34] Strongly threatening h5.} Ne5 33. Qf4 f6 (33... Nxc4 34. h5 $14) 34. Red1 Rxc4 (34... Nxc4 $15 35. h5 Bf7) 35. Rxd6 $2 ({Better is} 35. h5 $1 $11 Be8 36. Rxd6) 35... Qc7 $1 $17 36. h5 {[%emt 0:00:40] [#]} Bf7 (36... Nf7 $1 $19 {[%cal Og6h5] aiming for ...Bxh5!} 37. hxg6 Nxd6) 37. h6 $11 {[%emt 0:00:32] And now hxg7 would win.} Bg6 38. Qe3 Rc3 39. Qd4 (39. Qb6 $1 $11) 39... Rc1 40. hxg7 {[%emt 0:00:28] [#]} Kxg7 (40... Rc8 $1 $17 {Hoping for ...Rxd1+.} 41. Rf1 (41. Rxf6 $2 Rxd1+ 42. Qxd1 Qc1 $17) (41. f4 $2 Nf7 $19) 41... Qc5 42. Qxc5 R8xc5) 41. f4 $1 Rxd1+ 42. Qxd1 Nf7 43. Rd7 {[%emt 0:05:39] The board is on fire.} Qxf4 44. Qxb3 Kh8 {[%emt 0:12:30] Threatens to win with ...Rb8.} 45. Nf1 Ne5 46. Rd2 Rg8 ({Don't play} 46... Bxe4 47. Rf2 (47. Qb4 $2 Nf3+ 48. gxf3 Rg8+ 49. Kf2 Rg2+ 50. Kxg2 Bxf3+ 51. Kf2 Qxb4 $19) 47... Bf3 48. Qc3 $14 (48. gxf3 $2 Rg8+ 49. Kh1 Qg5 $19)) 47. Rf2 Qg5 48. Qe3 Rc8 49. Qxg5 fxg5 50. Rc2 Rb8 51. Rc5 Rxb1 52. Rxe5 {[%emt 0:00:08][%mdl 4096] Endgame KRB-KRN} h6 53. Re7 (53. Kf2 $11) 53... Re1 $15 54. Kf2 Rxe4 55. Rxe4 Bxe4 {[%emt 0:00:02] KB-KN} 56. g3 Kg7 57. Ke3 Bb7 58. Kd4 Kf6 59. Ne3 Bf3 60. Nf1 h5 61. Ne3 Bb7 ({Much worse is} 61... h4 $6 62. gxh4 gxh4 63. Nf1 $11) 62. Nd1 Ke6 ({Much weaker is} 62... h4 $6 63. gxh4 gxh4 64. Ke3 $11) 63. Ne3 h4 (63... Bc6 $17 64. Nf1 Bb7) 64. gxh4 $11 {[%emt 0:00:30] The position is equal.} gxh4 65. Nf1 $1 Kf5 {[%emt 0:00:27] ( -> ...Kf4)} (65... Bg2 $5 66. Nh2 h3 $11) 66. Ke3 $1 Kg4 67. Kf2 Kf4 68. Nh2 h3 69. Nf1 Bc6 70. Nh2 Bg2 71. Nf1 {[%emt 0:00:01] Weighted Error Value: White=0.21 (precise) /Black=0.14 (very precise)} 1/2-1/2

[Event "Krakow Championship-A 2022"]
[Site "Krakow"]
[Date "2022.06.25"]
[Round "1.11"]
[White "Murphy, Conor E"]
[Black "Gahan M G"]
[Result "1/2-1/2"]
[ECO "A48"]
[WhiteElo "2395"]
[BlackElo "2248"]
[Annotator "TA"]
[PlyCount "135"]
[EventDate "2022.06.25"]
[EventType "swiss"]
[EventCountry "POL"]
[SourceTitle "playchess.com"]
[Source "ChessBase"]
[SourceQuality "1"]
[TimeControl "40/5400+30:1800+30"]

1. d4 Nf6 2. Nf3 g6 3. Nbd2 d5 4. b4 Bg7 5. e3 a5 6. b5 {[%emt 0:00:59] D02: 1 d4 d5 2 Nf3 sidelines, including 2...Nf6 3 g3 and 2...Nf6 3 Bf4.} c5 7. bxc6 Nxc6 $1 {[%emt 0:03:13] 7...Nxc6 is better than 7...bxc6.} 8. Bb5 {[%emt 0:04:55] White is slightly better.} O-O 9. O-O a4 10. Ba3 Bd7 11. Rb1 Na5 {[%emt 0:04:56] [#]} 12. Bd3 $146 ({Predecessor:} 12. Ne5 Bxb5 13. Rxb5 Re8 14. Qe2 e6 15. c4 dxc4 16. Ndxc4 Nxc4 17. Nxc4 {1-0 (46) Popovic,D (2488)-Robulj,N (2296) Belgrade 2019}) 12... Re8 13. Ne5 Qc7 14. Nxd7 Nxd7 15. Bb5 e6 16. c4 dxc4 17. Rc1 (17. Bxa4 $6 Rec8 $11) 17... Rec8 18. Nxc4 $1 (18. Qxa4 $2 Nc6 19. Qc2 Rxa3 $19) 18... Qd8 19. Bxd7 {[%emt 0:06:00] White is more active. A strong pair of Bishops.} Rxc4 20. Bb5 ({But not} 20. Bxa4 Bxd4 21. Bb5 (21. exd4 Rxd4 22. Qc2 Rc4 $11) 21... Rxc1 22. Bxc1 (22. Qxc1 Qd5 $11) 22... Bg7 $11) 20... Rxc1 21. Bxc1 Nc6 22. Bxa4 Nb4 23. a3 Nd5 {[%emt 0:00:58] And now ...Nc3 would win.} 24. Bb3 b5 25. Qd3 Qd7 26. e4 Nb6 27. Rd1 Bf8 28. d5 e5 ({Black should try} 28... exd5 29. Qd4 (29. exd5 Bxa3 30. Be3 Nc4 $16) 29... Na4) 29. d6 $16 Ra6 30. Bb2 Nc4 31. Bxc4 bxc4 32. Qxc4 Rxd6 33. Rxd6 Qxd6 $18 {[%emt 0:00:02][%mdl 4096] Endgame KQB-KQB} 34. Qd5 {[%emt 0:00:49] Against Qd1+} (34. g3 $1 $18) 34... Qb8 $16 35. Qd2 Qb3 36. Qc1 (36. h3 $16) 36... f6 $11 37. h3 Qd3 $2 {[%emt 0:00:45] [#]} (37... g5 $11 {and Black has nothing to worry.}) 38. Qe3 $2 (38. a4 $1 $18) 38... Qc2 39. Qc1 Qxe4 40. Qd1 Qc4 41. a4 (41. Bc1 $5 ) 41... Qa2 (41... Bc5 $11) 42. Bc3 Qc4 43. Be1 Bc5 44. a5 (44. Qd8+ $16 Kg7 45. a5) 44... Bd4 45. Qd2 Kf7 46. Qb4 Qxb4 47. Bxb4 {[%emt 0:00:01] KB-KB} Ke6 48. Kf1 Kd5 49. Ke2 f5 50. f3 Kc4 $1 51. Bd6 Kb5 52. Kd3 Kc6 (52... Bb2 $11) 53. Be7 {[%emt 0:00:31] Hoping for Bf6.} Kd5 $2 (53... Ba7 $16) 54. Bg5 $18 {[%emt 0:00:18] Strongly threatening Be3.} Kc5 (54... Bf2 $16 55. Be3 Bg3) 55. Bd8 ({White should play} 55. Be3 $18 {aiming for Bxd4+.} Bxe3 56. Kxe3) 55... Kb5 $16 {[%emt 0:02:04] [#]} 56. f4 (56. Bf6 $1 $16) 56... Ba1 $11 {[%emt 0:00:11] Threatens to win with ...e4+. The position is equal.} 57. fxe5 Bxe5 58. Bb6 Bf6 59. Bd4 Bd8 60. Bc3 Bxa5 61. Bxa5 Kxa5 {[%emt 0:00:04] K3P-KPP} 62. Kc4 (62. Kd4 $5 Kb6 63. Ke5 $11) 62... Kb6 {[%emt 0:02:01] ...Kc6 is the strong threat.} 63. Kd5 Kc7 64. Ke6 Kd8 65. Kf7 f4 66. Kf6 Kd7 67. Kg5 Ke6 68. Kxf4 {[%emt 0:00:04] Weighted Error Value: White=0.20 (precise) /Black=0.26 (precise)} 1/2-1/2

[Event "Krakow Championship-A 2022"]
[Site "Krakow"]
[Date "2022.06.25"]
[Round "1.12"]
[White "Balaji Sekar"]
[Black "Fus, Jakub"]
[Result "1/2-1/2"]
[ECO "B12"]
[WhiteElo "1189"]
[BlackElo "2378"]
[Annotator "TA"]
[PlyCount "82"]
[EventDate "2022.06.25"]
[EventType "swiss"]
[EventCountry "POL"]
[SourceTitle "playchess.com"]
[Source "ChessBase"]
[SourceQuality "1"]
[TimeControl "40/5400+30:1800+30"]

1. e4 c6 2. d4 d5 3. e5 Bf5 4. Nd2 e6 5. Nb3 Nd7 6. Nf3 a6 {[%emt 0:00:42] B12: Caro-Kann: Advance Variation.} (6... c5 {keeps more tension.} 7. dxc5 a6 8. Be2 Bxc5 9. Nxc5 Qa5+) 7. Be2 c5 8. dxc5 Bxc5 9. Nxc5 Nxc5 10. O-O Ne7 11. Nd4 O-O 12. Be3 Qc7 13. f4 Be4 {[%emt 0:01:12] [#]} 14. c3 $146 ({Predecessor:} 14. g4 b5 15. Qe1 Na4 16. Rb1 Nc6 17. b3 Nb6 18. Rc1 Nd7 19. c3 Rac8 20. Qg3 {0-1 (55) Shuvalova,P (2489)-Keymer,V (2591) Chess.com INT 2021}) 14... Nf5 15. Nxf5 exf5 16. Bxc5 Qxc5+ 17. Qd4 Qc6 18. Bd1 Qc4 19. Qxc4 dxc4 20. Be2 b5 21. Rfd1 Rfd8 (21... f6 $11) 22. Kf2 Kf8 23. Rxd8+ Rxd8 24. Rd1 {[%emt 0:00:11] Prevents Rd2.} Rxd1 25. Bxd1 $16 {[%emt 0:00:02][%mdl 4096] Endgame KB-KB} Ke7 26. g3 Ke6 27. Ke3 Kd5 28. b4 {[%emt 0:00:20] aiming for Bh5.} g6 {[%emt 0:04:46] Against Bh5} (28... f6 $16) 29. Be2 Bg2 30. Bf3+ $2 ({White should play} 30. g4 $18) 30... Bxf3 $11 31. Kxf3 {[%emt 0:00:06] Hoping for Ke3. KP-KP} Ke6 $2 (31... a5 $11 32. bxa5 Kc6) 32. Ke3 $18 Kd5 {[%emt 0:00:06] [#]} 33. h3 $1 h6 34. h4 h5 35. a3 a5 36. Kf3 $2 ({Only move:} 36. bxa5 $18 {Strongly threatening a6.} Kc5 37. a6) 36... axb4 $1 $11 {[%emt 0:00:12] The position is equal.} 37. axb4 {[%emt 0:00:01] [#] White threatens Ke3 and mate.} Ke6 38. Ke2 f6 39. exf6 Kxf6 40. Ke3 Ke6 41. Kd4 {[%emt 0:30:05] Intending Kc5 and mate.} Kd6 {[%emt 0:30:04] Black escapes into a draw.  Weighted Error Value: White=0.31/Black=0.23 (precise)} 1/2-1/2

[Event "Krakow Championship-A 2022"]
[Site "Krakow"]
[Date "2022.06.25"]
[Round "1.13"]
[White "Malicka, Maria"]
[Black "Gjestemoen-VonHirsch, Andre"]
[Result "0-1"]
[ECO "B34"]
[WhiteElo "2377"]
[BlackElo "2236"]
[Annotator "TA"]
[PlyCount "84"]
[EventDate "2022.06.25"]
[EventType "swiss"]
[EventCountry "POL"]
[SourceTitle "playchess.com"]
[Source "ChessBase"]
[SourceQuality "1"]
[TimeControl "40/5400+30:1800+30"]

1. e4 c5 2. Nf3 Nc6 3. d4 cxd4 4. Nxd4 Nf6 5. Nc3 e5 6. Ndb5 d6 7. a4 a6 8. Na3 Bg4 {[%emt 0:00:49] B33: Sicilian: Pelikan and Sveshnikov Variations.} 9. Be2 Bxe2 10. Qxe2 d5 {[%emt 0:00:16] The position is equal.} 11. Bg5 {[%emt 0:00:15] Strongly threatening exd5. 11.Bg5 is better than 11.exd5.} dxe4 12. Nxe4 Qa5+ 13. c3 Nxe4 14. Qxe4 Bxa3 15. Rxa3 O-O 16. O-O Qc7 {[%emt 0:02:51] [#]} 17. Raa1 $146 ({Predecessor:} 17. Rd1 f6 18. Be3 Rad8 19. Raa1 Kh8 20. b4 Rxd1+ 21. Rxd1 Rd8 22. Rd5 Ne7 23. Rxd8+ Qxd8 {½-½ (46) Malicka,M (2329)-Li,E (2403) San Jose 2022}) 17... h6 18. Be3 f5 19. Qc4+ Rf7 20. a5 e4 21. Bb6 Qd6 22. Rad1 Qg6 23. Bc7 {[%emt 0:05:14] Prevents Ne5.} Kh7 24. Bf4 Nxa5 25. Qa2 Nc6 26. Rd6 Qh5 27. Rfd1 Rf6 (27... Re7 $17) 28. h3 $15 {[%emt 0:09:58] Prevents Qg4.} Raf8 29. Rd7 (29. Qb3 $15) 29... R8f7 ({Black should play} 29... Qh4 $17 30. g3 Qxh3) 30. Qb3 Rxd7 31. Rxd7 Rg6 32. Qxb7 (32. Qf7 Nd8 $1 33. Qd5 Ne6 $17) 32... Na5 $2 {[%emt 0:06:52] [#]} (32... Qe2 $11 33. Qb6 Qe1+ 34. Kh2 Qf1) 33. Qc7 $2 ({White must play} 33. Qd5 $1 $18 ) 33... Nc6 (33... Qxh3 $1 $11 34. g3 (34. Bg3 Qg4 $15) 34... Nc6) 34. Bg3 $2 ({Better is} 34. Rd6 $18 Rxd6 35. Bxd6 (35. Qxd6 Qg6 $14)) 34... e3 {[%emt 0:00:37] And now ...e2 would win.} 35. fxe3 {[%emt 0:00:26] Black must now prevent Kf2.} ({Wrong is} 35. f3 $2 Qg5 36. Kf1 (36. Kh2 $2 e2 $19) 36... Qxg3 $19) 35... Qe2 36. Qf4 Qxb2 ({Not} 36... Qc2 37. Kh2 $16 (37. Qf2 Qe4 $16)) 37. Qxf5 Qxc3 38. Qe4 {[%emt 0:02:46] Hoping for Rd6.} Qb4 39. Qd3 Qb5 {[%emt 0:00:24] Threatens to win with ...Qxd3.} 40. Qc2 (40. Bc7 $11) 40... Nb4 $1 41. Qc8 Rxg3 $19 42. Rb7 {[%emt 0:02:46] [#]} (42. Rd8 $19 Qc6 43. Rh8+ Kg6 44. Qxc6+ Nxc6 45. Rc8) 42... Qd5 $1 {[%emt 0:01:15] Weighted Error Value: White=0.69/Black=0.25 (precise)} 0-1

[Event "Krakow Championship-A 2022"]
[Site "Krakow"]
[Date "2022.06.25"]
[Round "1.14"]
[White "Piekielny, Pawel"]
[Black "Seemann, Jakub"]
[Result "1-0"]
[ECO "B68"]
[WhiteElo "2230"]
[BlackElo "2363"]
[Annotator "TA"]
[PlyCount "77"]
[EventDate "2022.06.25"]
[EventType "swiss"]
[EventCountry "POL"]
[SourceTitle "playchess.com"]
[Source "ChessBase"]
[SourceQuality "1"]
[TimeControl "40/5400+30:1800+30"]

1. e4 c5 2. Nf3 d6 3. d4 cxd4 4. Nxd4 Nf6 5. Nc3 Nc6 6. Bg5 e6 7. Qd2 a6 8. O-O-O Bd7 9. f4 Be7 10. Nf3 b5 11. Bd3 b4 12. Ne2 Qb6 {[%emt 0:04:16] B68: Sicilian: Richter-Rauzer: 7...a6 8 0-0-0 Bd7 9 f4 Be7 .} 13. e5 dxe5 14. fxe5 Nd5 {[%emt 0:01:03] The position is equal.} 15. Be4 {[%emt 0:17:48] [#]} h6 $146 ({Predecessor:} 15... Bxg5 16. Nxg5 Nxe5 17. Bxd5 exd5 18. Nf4 O-O 19. Nxd5 Qa5 20. Kb1 Bg4 21. Rde1 Ng6 22. Qxb4 Qxd5 23. Qxg4 {½-½ (32) Martchenko,A (2039)-Bluvshtein,M (2558) Guelph 2009}) 16. Bf4 (16. Bxe7 $1 $11 {is superior.} Ncxe7 17. Nf4) 16... b3 17. cxb3 (17. Bxd5 bxc2 18. Kxc2 (18. Be4 $2 cxd1=N 19. Rxd1 Rd8 $19) 18... Nb4+ 19. Kb1 Nxd5 $17) 17... Ncb4 18. Kb1 Bc6 (18... Qa5 $2 19. a3 $18) (18... a5 $1 $11 {remains equal.}) 19. Nfd4 $16 {[%emt 0:07:21] Strongly threatening a3.} Bb7 20. a3 a5 21. axb4 axb4 22. Rc1 {[%emt 0:06:54] White wants to play Qd3.} O-O (22... Qa7 23. Nb5 Qa2+ 24. Kc2 $16) 23. Bxd5 Bxd5 24. Kc2 f6 {[%emt 0:04:34] White must now prevent ...fxe5.} 25. Qe3 Rad8 26. Rhd1 $2 {[%emt 0:06:50] [#]} (26. Kb1 $6 g5 $16) (26. h4 $11) 26... fxe5 $1 $19 27. Bxe5 (27. Qxe5 Bf6 28. Qe3 e5 $19) 27... Bg5 {[%emt 0:00:05] This bishop pair is nice.} 28. Nf4 $2 (28. Qd3 {is the only way for White.} Rf5 29. Nxf5 exf5 30. Bd4 (30. Qxf5 $2 Qc6+ 31. Kb1 Be4+ 32. Rd3 Qd5 $19) (30. Kb1 $2 Be4 $19) 30... Qc6+ 31. Kb1 Bxc1 32. Rxc1) 28... Bxf4 29. Bxf4 {[%emt 0:00:05] Be5 is the strong threat.} e5 $1 30. Bxe5 {[%emt 0:01:36] Hoping for Rd3.} Qg6+ 31. Kd2 (31. Rd3 $142 Be4 32. Qg3 (32. Rcd1 $2 Qxg2+ 33. R1d2 Rc8+ 34. Nc6 Rxc6+ 35. Bc3 Qh1 $19) 32... Bxd3+ 33. Kd2) 31... Qxg2+ 32. Kd3 Bf7 $2 ({And not} 32... Rf3 33. Nxf3 Bxf3+ 34. Bd4 Be2+ 35. Qxe2 $17) (32... Be6 $1 $19 {[%cal Re6f5] ( -> ...Bf5+)} 33. Re1 Rf3) 33. Rg1 $2 (33. Rc5 $14 g5 34. Rdc1) 33... Bg6+ 34. Kc4 Rc8+ $4 (34... Qd5+ {and life is good for Black.} 35. Kxb4 {[#]} Rb8+ $1 36. Bxb8 Rxb8+ 37. Kc3 Qa5+ 38. Kc4 Rb4+ 39. Kc3 Rb5+ 40. Kc4 Rc5#) 35. Kxb4 $18 Rb8+ $2 (35... Qb7+ 36. Nb5 Qe7+ 37. Rc5 Rf3 38. Rxg6 Rxe3 39. Rxg7+ Qxg7 40. Rxc8+ Qf8+ 41. Rxf8+ Kxf8) 36. Bxb8 {[%emt 0:01:01] White is clearly winning.} Rxb8+ 37. Nb5 Qb7 38. Rc5 ({Not} 38. Rxg6 Qxb5+ 39. Kc3 Rc8+ 40. Kd2 Qd5+ 41. Qd3 (41. Ke2 Qh5+ 42. Ke1 Rxc1+ 43. Qxc1 Qxg6 $11) 41... Qxd3+ 42. Kxd3 Rxc1 $16) 38... Re8 39. Re5 {[%emt 0:00:14] Quite a comeback for White.  Weighted Error Value: White=0.86/Black=0.46} 1-0

[Event "Krakow Championship-A 2022"]
[Site "Krakow"]
[Date "2022.06.25"]
[Round "1.15"]
[White "Rudolf, Michal"]
[Black "Kantorik, Marian"]
[Result "1/2-1/2"]
[ECO "C50"]
[WhiteElo "2361"]
[BlackElo "2211"]
[Annotator "RC"]
[PlyCount "61"]
[EventDate "2022.06.25"]
[EventType "swiss"]
[EventCountry "POL"]
[SourceTitle "playchess.com"]
[Source "ChessBase"]
[SourceQuality "1"]
[TimeControl "40/5400+30:1800+30"]

1. e4 e5 2. Nf3 Nc6 3. Bc4 Bc5 4. d3 Nf6 5. O-O d6 6. c3 a6 7. Re1 Ba7 8. Bb3 h6 9. Nbd2 O-O 10. Nf1 Nh5 11. Be3 Qf6 12. Bxa7 Rxa7 13. Ne3 Ne7 14. d4 Nf4 15. g3 Nh3+ 16. Kg2 Ng5 17. Nxg5 Qxg5 18. dxe5 dxe5 19. h4 Qg6 20. Qf3 Ra8 21. Nd5 Nxd5 22. exd5 Re8 23. d6 cxd6 24. Rad1 Bg4 25. Bxf7+ Qxf7 26. Qxg4 d5 27. Re3 e4 28. c4 Rf8 29. Qe2 dxc4 30. Rxe4 Rae8 31. Rxe8 1/2-1/2

[Event "Krakow Championship-A 2022"]
[Site "Krakow"]
[Date "2022.06.25"]
[Round "1.16"]
[White "Kyc, Jerzy"]
[Black "Holtel, Jasper"]
[Result "1-0"]
[ECO "B99"]
[WhiteElo "2213"]
[BlackElo "2347"]
[Annotator "TA"]
[PlyCount "129"]
[EventDate "2022.06.25"]
[EventType "swiss"]
[EventCountry "POL"]
[SourceTitle "playchess.com"]
[Source "ChessBase"]
[SourceQuality "1"]
[TimeControl "40/5400+30:1800+30"]

1. e4 c5 2. Nf3 d6 3. d4 cxd4 4. Nxd4 Nf6 5. Nc3 a6 6. Bg5 e6 7. f4 Be7 8. Qf3 Qc7 9. O-O-O Nbd7 10. Bd3 h6 11. Bh4 g5 12. fxg5 Ne5 13. Qe2 Nfg4 14. h3 hxg5 15. Bg3 Nf6 16. h4 {[%emt 0:04:05] B99: Sicilian Najdorf: 6 Bg5 e6 7 f4 Be7 8 Qf3 Qc7 9 0-0-0 Nbd7.} g4 {[%emt 0:09:14] [#]} 17. Bf2 $146 ({Predecessor:} 17. h5 Rxh5 18. Bxe5 dxe5 19. Nb3 Rg5 20. Rh8+ Bf8 21. Qf2 Rg6 22. Rf1 Rh6 23. Rh1 Rxh1+ 24. Rxh1 {0-1 (45) Kotter,R (2265)-Moiseev,V (2465) Germany 1994}) 17... b5 18. a3 $1 {[%emt 0:28:20] The position is equal.} Bd7 19. Be3 (19. Rhf1 $11 {is superior.}) 19... Rb8 (19... Qb7 $15 {feels stronger.}) 20. Bg5 Qb6 21. Nb3 (21. Be3 $11) 21... a5 $1 $17 22. Rhf1 (22. Na2 $17 {keeps fighting.}) 22... Nh5 $19 23. Be3 Qc7 24. Bxb5 Ng3 25. Bxd7+ Qxd7 26. Qa6 Nxf1 27. Rxf1 Rxh4 28. Nxa5 Rh2 29. Rg1 Rc8 30. Bf4 (30. Nb5 $142) 30... Rh5 $1 $17 31. Rd1 Qc7 32. Nb3 (32. Bg3 $17 {was called for.}) 32... Qc4 $2 (32... Nc4 $1 $19 33. Nb5 Qc6 34. Qxc6+ Rxc6) 33. Qb6 (33. Qa7 $142) 33... Qc7 (33... Qc6 $17 34. Qxc6+ Nxc6) 34. Qa6 $19 {[%emt 0:00:26] [#]} Qc6 (34... Nc4 $1 $19 {[%cal Rc4b2] Hoping for ...Nxb2!} 35. Nb5 Qc6 36. Qxc6+ Rxc6) 35. Qe2 {[%emt 0:01:37] [#]} (35. Qxc6+ $17 Nxc6 36. Kb1 (36. Bxd6 $2 Bxd6 37. Rxd6 Rh2 $19)) 35... Bg5 $2 (35... Nc4 $1 $19 {[%cal Rc4b2] White must now prevent ...Nxb2!} 36. Nd4 Qb7) 36. Bxg5 $11 Rxg5 37. Nd4 Qb6 38. Ndb5 Nc4 $36 {[%emt 0:01:06][%mdl 2048] White is under pressure.} 39. a4 Ke7 {[%emt 0:00:42] And now ...Qe3+ would win.} 40. b3 (40. Rd4 $1 $11 {remains equal.} Qc5 41. b3) 40... Qe3+ $17 41. Qxe3 Nxe3 42. Rd2 Rh5 43. Re2 Nf1 44. Kb2 Rhc5 (44... Ng3 $17 45. Rd2 Rhc5) 45. b4 Rc4 (45... Re5 $11) 46. Kb3 $16 {[%emt 0:00:00][%mdl 1024] White has strong compensation.} Ng3 47. Re3 (47. Re1 $16) 47... Nh5 48. a5 Nf6 49. Na7 {[%emt 0:00:00] Inhibits R4c6. Pair of Knights!} R8c7 {[%emt 0:00:00] aiming for ...Rxc3+.} 50. Ncb5 Rxc2 51. Nxc7 Rxc7 $18 {[%emt 0:00:00][%mdl 4096] Endgame KRN-KRN} 52. Nb5 Rc8 (52... Rc1 $142 53. a6 Nd7) 53. Nxd6 Ra8 (53... Rc1 $142 54. Rd3 Nd7 55. Nxf7 Rb1+ 56. Ka3 Rg1) 54. Nc4 Nd7 55. b5 Rh8 56. a6 Kd8 57. Kb4 Kc7 58. Rc3 {[%emt 0:00:32] Ne5+ would kill now.} Kb8 59. Nd6 {[%emt 0:00:36] Intending a7+ and mate.} f6 60. Ka5 {[%emt 0:00:35] White mates.} Rd8 61. Nb7 Rh8 62. Nc5 Nxc5 63. Rxc5 Rh1 64. Kb6 Ra1 65. Rc7 {[%emt 0:00:17] What a bad dream for Black.  Weighted Error Value: White=0.19 (very precise) /Black=0.53} 1-0

[Event "Krakow Championship-A 2022"]
[Site "Krakow"]
[Date "2022.06.25"]
[Round "1.17"]
[White "Mikrut, Dariusz"]
[Black "Michalicka, Milan"]
[Result "1-0"]
[ECO "E81"]
[WhiteElo "2361"]
[BlackElo "2222"]
[Annotator "TA"]
[PlyCount "53"]
[EventDate "2022.06.25"]
[EventType "swiss"]
[EventCountry "POL"]
[SourceTitle "playchess.com"]
[Source "ChessBase"]
[SourceQuality "1"]
[TimeControl "40/5400+30:1800+30"]

1. d4 Nf6 2. c4 g6 3. Nc3 Bg7 4. e4 d6 5. f3 O-O 6. Be3 Nbd7 7. Qd2 a6 8. Bd3 c5 9. Nge2 b6 {[%emt 0:02:50] E81: King's Indian: Sämisch: 6th move deviations (including 6 Be3 c6).} 10. O-O Bb7 11. Rad1 Rc8 {[%emt 0:03:18] White is slightly better.} 12. b3 cxd4 13. Nxd4 e6 14. Bb1 {[%emt 0:08:39] [#]} (14. g4 $14 {might be stronger.}) 14... Re8 $146 (14... d5 {with more complications.} 15. exd5 exd5 16. cxd5 Bxd5 17. Nf5 Rxc3 18. Qxc3 gxf5 19. Bxf5 Re8) ({Predecessor:} 14... Qc7 15. Nde2 Ne8 16. Kh1 b5 17. Rc1 bxc4 18. bxc4 Ne5 19. Na4 Nxc4 20. Rxc4 Qxc4 {½-½ (38) Agrest,I (2286)-Serikbay,A (2286) Moscow 2019}) 15. Bg5 Qc7 16. Nde2 Bf8 17. Kh1 Be7 18. Rc1 Qb8 19. Nd4 Rcd8 20. f4 Nc5 (20... d5 $11) 21. Rce1 {[%emt 0:00:18] White is more active.} (21. f5 $16 gxf5 22. exf5) 21... e5 ({Black should try} 21... Ng4 $1 $14) 22. fxe5 (22. Nf3 $16) 22... Ng4 $2 {[%emt 0:00:51][%mdl 8192] [#]} (22... dxe5 $11 23. Bxf6 Bxf6) 23. Bxe7 dxe5 24. Nd5 ({Don't play} 24. Bxd8 exd4 25. Qf4 Qxf4 26. Rxf4 Rxd8 $16) 24... Bxd5 $2 (24... exd4 25. Nf6+ Nxf6 26. Bxf6 Ne6) 25. exd5 {[%emt 0:01:58] Dancing on a razor blade.} Rxe7 $2 (25... exd4 26. g3 Rd7) 26. Nc6 $18 Qd6 27. Qg5 {[%emt 0:00:11] Weighted Error Value: White=0.28 (precise) /Black=0.47} 1-0

[Event "Krakow Championship-A 2022"]
[Site "Krakow"]
[Date "2022.06.25"]
[Round "1.18"]
[White "Torkkola, Henri"]
[Black "Skytte, Rasmus"]
[Result "1/2-1/2"]
[ECO "A45"]
[WhiteElo "2197"]
[BlackElo "2357"]
[Annotator "TA"]
[PlyCount "57"]
[EventDate "2022.06.25"]
[EventType "swiss"]
[EventCountry "POL"]
[SourceTitle "playchess.com"]
[Source "ChessBase"]
[SourceQuality "1"]
[TimeControl "40/5400+30:1800+30"]

1. d4 Nf6 2. Bf4 d5 3. e3 c5 4. Nf3 Nc6 5. Nbd2 cxd4 6. exd4 {[%emt 0:00:07] D02: 1 d4 d5 2 Nf3 sidelines, including 2...Nf6 3 g3 and 2...Nf6 3 Bf4.} Qb6 7. Nb3 Bf5 $1 {[%emt 0:00:41][%mdl 4] is recently more successful than 7...Bg4.} 8. c3 {[%emt 0:04:09] Against Nb4. The position is equal.} e6 9. Be2 Be7 10. O-O O-O 11. Nh4 Be4 12. f3 Bg6 13. Nxg6 hxg6 {[%emt 0:00:40] [#]} 14. Kh1 $146 ({Predecessor:} 14. Bd3 e5 15. Be3 exd4 16. cxd4 Ne5 17. Rc1 Rac8 18. Rxc8 Rxc8 19. Bb1 Nc4 20. Bc1 {0-1 (37) Gajewski,G (2589)-Bluebaum,M (2642) Warsaw 2021}) 14... Nh5 15. Be3 Qc7 16. Qd2 Bd6 17. g3 Rfe8 ({But not} 17... Bxg3 18. hxg3 Nxg3+ 19. Kg2 $14 (19. Kg1 Nxf1 20. Kxf1 Ne7 $14)) 18. Rae1 Rad8 19. Bf2 a6 20. Nc1 Nf6 21. Nd3 Na5 22. Bd1 Nc4 23. Qc1 Rc8 24. Kg2 Nd7 25. Re2 Na5 26. Qd2 Nc4 27. Qc1 Na5 28. Qd2 Nc4 29. Qc1 {Weighted Error Value: White=0.10 (very precise) /Black=0.07 (flawless)} 1/2-1/2

[Event "Krakow Championship-A 2022"]
[Site "Krakow"]
[Date "2022.06.25"]
[Round "1.19"]
[White "Nurkiewicz, Maciej"]
[Black "Trybus, Daniel"]
[Result "1-0"]
[ECO "B90"]
[WhiteElo "2332"]
[BlackElo "2145"]
[Annotator "RC"]
[PlyCount "47"]
[EventDate "2022.06.25"]
[EventType "swiss"]
[EventCountry "POL"]
[SourceTitle "playchess.com"]
[Source "ChessBase"]
[SourceQuality "1"]
[TimeControl "40/5400+30:1800+30"]

1. e4 c5 2. Nf3 d6 3. d4 cxd4 4. Nxd4 Nf6 5. Nc3 a6 6. Be3 e6 7. f3 h5 8. a4 Nc6 9. Bc4 d5 10. exd5 exd5 11. Bb3 Bd6 12. Qe2 O-O 13. O-O-O Re8 14. Qd2 Qc7 15. Kb1 Rxe3 16. Qxe3 Qa5 17. Nxd5 Nxd5 18. Qe8+ Bf8 19. Nxc6 bxc6 20. Qxc6 Nb6 21. Rd8 Bb7 22. Bxf7+ Kxf7 23. Qxb7+ Kg8 24. Rxa8 1-0